 Dungeon Crawl Stone Soup version 0.29.1-2-gbd0b4ee654 (webtiles) character file.

Game seed: 4311791284638186444

54 Ivernyr the Insei (level 3, -1/24 HPs)
             Began as an Octopode Transmuter on Oct 29, 2022.
             Succumbed to a kobold's poison
             ... on level 3 of the Dungeon.
             The game lasted 00:03:23 (2144 turns).

Ivernyr the Insei (Octopode Transmuter)             Turns: 2144, Time: 00:03:24

Health: -1/24      AC:  1    Str:  9    XL:     3   Next: 91%
Magic:  3/6        EV: 13    Int: 17    God:
Gold:   143        SH:  0    Dex: 12    Spells: 0/6 levels left

rFire   . . .      SeeInvis .     - Unarmed
rCold   . . .      Faith    .   (no shield)
rNeg    . . .      Spirit   .   (helmet restricted)
rPois   .          Reflect  .   (no amulet)
rElec   .          Harm     .   (no ring)
rCorr   .          Rampage  .   (no ring)
Will    .....                   (no ring)
Stlth   ++........              (no ring)
HPRegen 0.08/turn               (no ring)
MPRegen 0.10/turn               (no ring)
                                (no ring)
                                (no ring)

@: lethally poisoned (-1 -> -21), very slightly contaminated
A: almost no armour, amphibious, 8 rings, camouflage 1, gelatinous body 1,
(nimble swimmer 1), tentacles
a: no special abilities


You were on level 3 of the Dungeon.
You visited 1 branch of the dungeon, and saw 3 of its levels.

You collected 143 gold pieces.

Inventory:

Scrolls
 b - a scroll of enchant weapon {unknown}
 d - 4 scrolls of identify {unknown}
 f - 3 scrolls of vulnerability {unknown}
 h - a scroll of fear {unknown}
Potions
 a - 2 potions of lignification
 c - a potion of berserk rage {unknown}
 e - a potion of cancellation {unknown}
 g - a potion of degeneration {unknown}
 i - a potion of magic {unknown}


   Skills:
 + Level 1.7 Fighting
 - Level 2.0 Dodging
 + Level 3.3 Unarmed Combat
 + Level 2.4 Spellcasting
 * Level 3.0 Transmutations


You couldn't memorise any spells.
You knew the following spells:

 Your Spells              Type           Power      Damage    Failure   Level
a - Beastly Appendage     Tmut           24%        N/A       5%          1
b - Wereblood             Tmut           12%        N/A       9%          2
c - Spider Form           Tmut/Pois      7%         N/A       30%         3

Your spell library contained the following spells:

 Spells                   Type           Power      Damage    Failure   Level
 Ice Form                 Ice/Tmut       7%         N/A       69%         4


Dungeon Overview and Level Annotations

Branches:
Dungeon (3/15)

Altars:
Kikubaaqudgha
Sif Muna


Innate Abilities, Weirdness & Mutations

You cannot wear most types of armour.
You are amphibious.
You can wear up to eight rings at the same time.
Your skin changes colour to match your surroundings (Stealth+).
Your rubbery body absorbs attacks. (AC +1, EV +1)
((You are camouflaged when in or above water. (Stealth+)))
You have tentacles for arms and can constrict up to eight enemies at once.


Message History

You constrict the hobgoblin, but do no damage.
The hobgoblin barely misses you.
You tentacle-slap the hobgoblin.
The hobgoblin is severely wounded.
You constrict the hobgoblin. The hobgoblin barely misses you.
The kobold throws a stone.
The stone hits you.
You tentacle-slap the hobgoblin.
You kill the hobgoblin!
The kobold hits you with a +1 short sword of venom.
You are poisoned.
You closely miss the kobold. You grab the kobold.
You constrict the kobold, but do no damage.
You feel very sick. The kobold hits you but does no damage.
You tentacle-slap the kobold.
The kobold is moderately wounded.
You constrict the kobold, but do no damage.
You feel sick. The kobold hits you but does no damage.
You are lethally poisoned!
You tentacle-slap the kobold but do no damage.
The kobold is moderately wounded.
You constrict the kobold, but do no damage.
You feel very sick.
The kobold hits you with a +1 short sword of venom.
You are more poisoned.
You release your grip on the kobold.
* * * LOW HITPOINT WARNING * * *
You feel very sick.
The kobold throws a stone.
The stone misses you.
Casting: Beastly Appendage (safe; 5% risk of failure)
Confirm with . or Enter, or press ? or * to list all spells.
The spell is extremely dangerous to miscast (30% risk of failure)!
Continue anyway?
Okay, then.
Casting: Spider Form (extremely dangerous; 30% risk of failure)
Confirm with . or Enter, or press ? or * to list all spells.
The spell is extremely dangerous to miscast (30% risk of failure)!
Continue anyway?
You miscast Spider Form.
You are very lightly contaminated with residual magic.
Nothing appears to happen.
You die...

##............. # ..
............... .
...###..≈≈≈≈≈§.....
#####.#......≈≈☼≈§....#.
........###..≈≈_§.......
....... .....≈≈≈○≈....#
#...(#######.≈§≈≈≈....#
##............K.@..#
.......#####.##.####
#.......# #....#
.......# #.÷...#.#
#.#### .......#
#.....#.# #.####
.......# #.....#.##
#.##.. #......#
#.....#..###.##.# #..
#......#
#.........##.##.# #..#
#......#
..[.....#.##.##.#
#..####......#


You could see a kobold.

Vanquished Creatures
  2 worms (D:2)
  A dart slug (D:1)
  An orc (D:3)
  5 ball pythons
  3 bats
  2 endoplasms
  3 giant cockroaches
  3 goblins
  5 hobgoblins
  5 kobolds
  2 quokkas
  6 frilled lizards
  5 rats
43 creatures vanquished.

Notes
Turn   | Place    | Note
-------+----------+-------------------------------------------
     0 | D:1      | Ivernyr the Octopode Transmuter began the quest for the
                  | Orb.
     0 | D:1      | Reached XP level 1. HP: 13/13 MP: 3/3
   159 | D:1      | Reached XP level 2. HP: 12/18 MP: 3/5
   187 | D:1      | Learned a level 2 spell: Wereblood
   853 | D:1      | Reached XP level 3. HP: 17/23 MP: 6/6
  1013 | D:2      | Learned a level 3 spell: Spider Form
  1569 | D:2      | You fall into a shaft and drop 1 floor!
  1889 | D:2      | Found an ancient bone altar of Kikubaaqudgha.
  2129 | D:3      | Found a shimmering blue altar of Sif Muna.
  2144 | D:3      | Succumbed to a kobold's poison

Illustrated notes

Levels and vault maps discovered:
D:1:      nzn_arrival_crosshair, layout_rooms, minivault_4
D:2:      layout_basic, basic_altar, minmay_pentomino_o4
D:3:      layout_basic, nicolae_sif_muna_condensation

Skill      XL: |  1  2  3 |
---------------+----------+-----
Transmutations | 3 |  3.0
Fighting       | |  1.7
Dodging        | |  2.0
Unarmed Combat | |  3.3
Spellcasting   | |  2.4

Action                   || total
-------------------------++-------
Melee: Unarmed           ||   101
       Constrict         ||    32
       Tentacles         ||    17
       Kick              ||     4
       Punch             ||     3
 Cast: Beastly Appendage ||     4
 Stab: Sleeping          ||     5
Armor: Skin              ||    13
Dodge: Dodged            ||    69
